 Dungeon Crawl Stone Soup version 0.31-a0-200-gbc41564c69 (webtiles) character file.

Game seed: 9846209745251404212

37 qw the Shooter (level 3, -1/20 HPs)
             Began as a Deep Elf Hunter on June 25, 2023.
             Slain by a goblin
             ... wielding a +0 club
             ... led by Robin
              (3 damage)
             ... on level 2 of the Dungeon.
             The game lasted 00:00:18 (785 turns).

qw the Shooter (Deep Elf Hunter)                     Turns: 785, Time: 00:00:18

Health: -1/20      AC:  3    Str: 10    XL:     3   Next: 21%
Magic:  5/5        EV: 12    Int: 13    God:
Gold:   33         SH:  0    Dex: 18    Spells: 2/2 levels left

rFire   . . .        Y - +0 shortbow
rCold   . . .        (shield currently unavailable)
rNeg    . . .        c - +0 leather armour
rPois   .            (no helmet)
rElec   .            (no cloak)
rCorr   .            (no gloves)
SInv    .            (no boots)
Will    .....        (no amulet)
Stlth   ++           (no ring)
HPRegen 0.23/turn    (no ring)
MPRegen 0.09/turn

%: no passive effects
@: no status effects
A: no striking features
a: no special abilities


You were on level 2 of the Dungeon.
You visited 1 branch of the dungeon, and saw 2 of its levels.

You collected 33 gold pieces.


   Skills:
 - Level 1.5 Fighting
 + Level 6.8 Ranged Weapons
 - Level 2.4 Dodging
 - Level 1.2 Stealth


You had 2 spell levels left.
You didn't know any spells.
Your spell library was empty.

Inventory:

Hand Weapons
 Y - a +0 shortbow (weapon)
Armour
 c - a +0 leather armour (worn)
Potions
 e - a potion of curing {unknown}

Dungeon Overview and Level Annotations

Branches:
Dungeon (2/15)

Altars:

Annotations:
D:1 2 transporters


Message History

You shoot an arrow. The arrow completely misses Robin.
The goblin barely misses you. The goblin hits you with a +0 club.
You shoot an arrow. The arrow barely misses Robin.
The arrow hits the goblin.
You kill the goblin!
The goblin barely misses you.
A goblin comes into view. It is wielding a +0 dagger. x2
The goblin hits you but does no damage.
You shoot an arrow. The arrow hits Robin.
Robin is moderately wounded.
The goblin barely misses you. The goblin closely misses you.
The goblin hits you with a +0 club. The goblin barely misses you.
A goblin comes into view. It is wielding a +0 dagger.
You shoot an arrow.
The arrow hits Robin but does no damage.
Robin is moderately wounded.
The goblin hits you but does no damage. The goblin closely misses you.
You shoot an arrow. The arrow hits Robin.
Robin is heavily wounded.
You hear a shout!
The goblin barely misses you. The goblin hits you but does no damage.
Robin closely misses you.
You shoot an arrow. The arrow hits Robin.
Robin is severely wounded.
The goblin hits you but does no damage. The goblin barely misses you.
You shoot an arrow.
The arrow hits Robin but does no damage.
Robin is severely wounded.
The goblin completely misses you. The goblin hits you with a +0 club.
You shoot an arrow. The arrow hits Robin.
You kill Robin!
The goblin hits you with a +0 club. The goblin hits you but does no damage.
A hobgoblin comes into view.
You have reached level 3!
Your experience leads to an increase in your attributes!
Increase (S)trength, (I)ntelligence, or (D)exterity?
You feel stronger. x2
You shoot an arrow.
The arrow hits the goblin but does no damage.
The goblin hits you with a +0 club.
You die... #. ...... ##. ..<.. +.. .... ..#... ##.g.) #.glg #ggg#

. #@# ...
#g##.....
#<.......
####.....
.... ...
.. #


You could see a hobgoblin, 6 goblins and a frilled lizard.

Vanquished Creatures
  Robin (D:2)
  A dart slug (D:1)
  A ball python (D:1)
  2 bats (D:1)
  2 giant cockroaches (D:1)
  3 goblins
  4 hobgoblins
  3 kobolds
  A quokka (D:1)
  3 rats (D:1)
21 creatures vanquished.

Notes
Turn   | Place    | Note
-------+----------+-------------------------------------------
     0 | D:1      | qw the Deep Elf Hunter began the quest for the Orb.
     0 | D:1      | Reached XP level 1. HP: 12/12 MP: 3/3
     0 | D:1      | 0 ||| qw: Version: 0.3-a-22-g0ed2b0b
     0 | D:1      | 0 ||| qw: Game counter: 5510
     0 | D:1      | 0 ||| qw: Melee chars always use a shield: true
     0 | D:1      | 0 ||| qw: God list: Okawaru
     0 | D:1      | 0 ||| qw: Allow faded altars: false
     0 | D:1      | 0 ||| qw: Do Orc after clearing Dungeon:15 true
     0 | D:1      | 0 ||| qw: Do second Lair branch before Depths: true
     0 | D:1      | 0 ||| qw: Lair rune preference: random
     0 | D:1      | 0 ||| qw: Goals: Normal
     0 | D:1      | 0 ||| PLANNING D:1-11
   227 | D:1      | Reached skill level 6 in Ranged Weapons
   227 | D:1      | Reached XP level 2. HP: 16/16 MP: 4/4
   644 | D:1      | 644 ||| READING scroll labelled KUNOVE LORGH.
   645 | D:1      | 645 ||| READING scroll labelled ZAUDUGRICY.
   646 | D:1      | 646 ||| READING scroll labelled ZEWNILUJATI.
   647 | D:1      | 647 ||| DRINKING 2 grey potions.
   752 | D:1      | 752 ||| DROPPING scroll of butterflies.
   753 | D:1      | 753 ||| DROPPING potion of berserk rage.
   768 | D:2      | Noticed Robin
   784 | D:2      | Killed Robin
   784 | D:2      | HP: 1/16 [goblin/+0 club[Robin] (4)]
   785 | D:2      | Reached XP level 3. HP: 2/20 MP: 5/5
   785 | D:2      | Slain by a goblin

Levels and vault maps discovered:
D:1:      spicycebolla_arrival_transporter_tutorial, layout_basic
D:2:      layout_rooms, grunt_decor_resistance, kennysheep_cross_room,
          nrook_loot_triangle, serial_bayou_pond_c, uniq_robin

Skill      XL: |  1 |
---------------+----+-----
Ranged Weapons | 6 |  6.8
Fighting       | |  1.5
Dodging        | |  2.4
Stealth        | |  1.2

Action                     || total
---------------------------++-------
   Fire: Shortbow          ||    74
    Use: Scroll            ||     3
         Potion            ||     1
 Armour: Leather armour    ||    10
  Dodge: Dodged            ||    21

Table legend:
 A = Non-vault XP
 B = Vault XP
 C = Vault XP percentage of total XP
 D = Non-vault monster count
 E = Vault monster count
 F = Vault count percentage of total count
                 A         B        C        D         E       F
            +---------+---------+-------+---------+---------+-------
      Total |      32 |      21 |  39.6 |      17 |       4 |  19.0
            +---------+---------+-------+---------+---------+-------
        D:1 |      30 |       0 |   0.0 |      16 |       0 |   0.0
        D:2 |       2 |      21 |  91.3 |       1 |       4 |  80.0
            +---------+---------+-------+---------+---------+-------
